 Dungeon Crawl Stone Soup version 0.30-a0-964-gd452b5e7fa (webtiles) character file.

Game seed: 16388275174676445970

2047 retardedninja the Protected (level 9, -3/108 HPs)
             Began as an Armataur Fighter on Mar 30, 2023.
             Was a Follower of Hepliaklqana.
             Slain by an ice beast (4 damage)
             ... on level 6 of the Dungeon.
             The game lasted 00:08:52 (7729 turns).

retardedninja the Protected (Armataur Fighter)      Turns: 7729, Time: 00:08:52

Health: -3/108     AC:  9    Str: 22    XL:     9   Next: 4%
Magic:  9/9        EV:  7    Int: 13    God:    Hepliaklqana [*.....]
Gold:   305        SH:  7    Dex: 20    Spells: 8/8 levels left

rFire   . . .      SeeInvis .    B - +10 long sword "Natadiotuk" {venom, *Rage rPois rCorr Int+5}
rCold   + . .      Faith    .    c - +0 buckler
rNeg    . . .      Spirit   .    b - +0 scale mail
rPois   +          Reflect  .    r - +0 helmet
rElec   .          Roll     +    (no cloak)
rCorr   +          Rage     20%  (no gloves)
Will    .....                    (no barding) Stlth
                                 (no amulet)
HPRegen 0.38/turn                s - +6 ring of dexterity
MPRegen 0.11/turn                A - ring of protection from cold

@: berserking, very quick
A: reduced essence, large, rugged brown scales 3, deformed body, armoured tail,
roll, long tongue, awkward tongue
a: Renounce Religion, Recall Ancestor, Ancestor Identity


You were on level 6 of the Dungeon.
You worshipped Hepliaklqana.
Hepliaklqana was aware of your devotion.
You visited 2 branches of the dungeon, and saw 8 of its levels.

You collected 305 gold pieces.

Inventory:

Hand Weapons
 B - the +10 long sword "Natadiotuk" (weapon) {venom, *Rage rPois rCorr Int+5}
   (You found it on level 5 of the Dungeon)

   Int:       It affects your intelligence (+5).
   rPois:     It protects you from poison.
   *Rage:     It berserks you when you make melee attacks (+20% chance).
   rCorr:     It protects you from acid and corrosion.
Armour
 b - a +0 scale mail (worn)
 c - a +0 buckler (worn)
 r - a +0 helmet (worn)
Jewellery
 s - a +6 ring of dexterity (left hand)
 A - a ring of protection from cold (right hand)
Wands
 a - a wand of flame (16)
Scrolls
 e - 2 scrolls of torment
 g - 3 scrolls of enchant weapon
 h - 2 scrolls of poison
 k - a scroll of fear
 l - 4 scrolls of vulnerability
 m - 2 scrolls of amnesia
 n - a scroll of magic mapping
 t - a scroll of fog
 u - 4 scrolls of teleportation
Potions
 d - 2 potions of might
 f - 2 potions of ambrosia {unknown}
 i - a potion of brilliance {unknown}
 j - a potion of berserk rage {unknown}
 o - 2 potions of curing
 p - a potion of attraction {unknown}
 q - 2 potions of lignification
 v - a potion of heal wounds {unknown}
 z - 2 potions of cancellation {unknown}


   Skills:
 + Level 6.0 Fighting
 + Level 5.6 Long Blades
 + Level 8.0 Armour
 + Level 7.3 Shields


You had 8 spell levels left.
You didn't know any spells.
Your spell library contained the following spells:

 Spells                   Type           Power      Damage    Failure   Level
 Apportation              Tloc           0%         N/A       65%         1
 Summon Small Mammal      Summ           0%         N/A       65%         1
 Call Canine Familiar     Summ           0%         N/A       95%         3
 Summon Guardian Golem    Hex/Summ       0%         N/A       95%         3
 Alistair's Intoxication  Tmut/Pois      0%         N/A       100%        5


Dungeon Overview and Level Annotations

Branches:
Dungeon (7/15)             Temple (1/1) D:4

Altars:
Ashenzari
Cheibriados
Dithmenos
Fedhas
Gozag
Hepliaklqana
Kikubaaqudgha
Makhleb
Nemelex Xobeh
Okawaru
Qazlal
Ru
Sif Muna
Trog
Uskayaw
Vehumet
Wu Jian
Xom
Yredelemnul
Zin
The Shining One

Shops:
D:5 *   D:6 *


Innate Abilities, Weirdness & Mutations

Your life essence is reduced to manifest your ancestor. (-10% HP)
You are completely covered in rugged brown scales. (AC +3, +7% HP)
Armour fits poorly on your strangely shaped body.
You have a long armoured tail.
You roll when moving toward enemies. (Rampage)
Your long tongue fully drains potion bottles. (2x potion effects)
Your tongue gives you trouble enunciating. (1.5x scroll delay)


Message History

You kill Dowan!
The orc warrior hits you with a +0 battleaxe!
The ice beast hits you but does no damage.
Your Armour skill increases to level 8!
Unknown command.
You slash the ice beast!
The ice beast is moderately wounded.
The ice beast hits you. The ice beast freezes you. You resist.
* * * LOW HITPOINT WARNING * * *
The ice beast hits you but does no damage.
The orc warrior hits you with a +0 battleaxe!
* * * LOW HITPOINT WARNING * * *
You barely miss the ice beast.
The ice beast is moderately wounded.
The ice beast barely misses you. You block the ice beast's attack.
The orc warrior hits you with a +0 battleaxe!
* * * LOW HITPOINT WARNING * * *
Unknown command.
You closely miss the ice beast. You tail-slap the ice beast!
The ice beast is almost dead.
The orc warrior hits you with a +0 battleaxe.
* * * LOW HITPOINT WARNING * * *
The ice beast barely misses you. You block the ice beast's attack.
Unknown command.
You climb upwards.
You feel a strong urge to attack something.
There is a stone staircase leading down, spattered with blood here.
Things that are here:
a +0 leather armour; a +0 flail; an orc skeleton You hit the ice beast.
The ice beast is lightly wounded.
The ice beast hits you but does no damage.
The ice beast completely misses you. The orc warrior barely misses you.
Unknown command.
You slice the ice beast!!
You kill the ice beast!
You block the orc warrior's attack. The ice beast hits you.
* * * LOW HITPOINT WARNING * * *
The ice beast freezes you. You resist.
You die...

..##..##.# #......########
..<...##.# #.###..#########
####.###.###### #.##.<.#.......#
###.## #..<...# #......#.#####.#
...## ######.# ####...#.# #..
#### ###.#### #..)#.# #..
###########......# #...#.# #..
......#.......##[####.....#####..
......#.###.#.#Y@................
..†..............o.>..........#..
......#.#...#.#...............###
......#..........###....#####.#
......#.....[[...# #...#).....#
#######.#.....##.# #..#.#).####
#.#.....##.# #.#...#.#
#######.##...###.####..∩..##
........##...###.##..#...#.#


You could see an orc warrior and an ice beast.

Vanquished Creatures
  Pikel (D:5)
  A steam dragon (D:7)
  Eustachio (D:5)
  A water moccasin (D:6)
  Duvessa (D:7)
  A black bear (D:6)
  2 ice beasts (D:6)
  An ogre (D:6)
  2 scorpions
  4 wights (D:6)
  Dowan (D:7)
  A howler monkey (D:6)
  4 hounds
  A jelly (D:5)
  2 orc priests (D:4)
  An orc wizard (D:6)
  8 adders
  A shadow imp (D:6)
  2 white imps
  3 worms
  11 orcs
  8 endoplasms
  2 giant cockroaches (D:1)
  7 goblins
  7 hobgoblins
  11 jackals
  11 kobolds
  4 quokkas
  9 ball pythons
  4 bats
  4 frilled lizards
  8 rats
125 creatures vanquished.

Vanquished Creatures (collateral kills)
  A hound (D:6)
  An adder (D:5)
  A white imp (D:7)
3 creatures vanquished.

Vanquished Creatures (others)
  2 ancestors (D:7)
2 creatures vanquished.

Grand Total: 130 creatures vanquished

Notes
Turn   | Place    | Note
-------+----------+-------------------------------------------
     0 | D:1      | retardedninja the Armataur Fighter began the quest for the
                  | Orb.
     0 | D:1      | Reached XP level 1. HP: 19/19 MP: 1/1
   186 | D:1      | Found a faded altar of an unknown god.
   291 | D:1      | Reached XP level 2. HP: 26/26 MP: 2/2
   471 | D:1      | Reached skill level 4 in Armour
   725 | D:1      | Reached XP level 3. HP: 8/33 MP: 3/3
  1758 | D:2      | Reached XP level 4. HP: 40/40 MP: 4/4
  2110 | D:2      | Identified the +2 ring mail "Korgheyfe" {Harm rC+ Dex+3}
  3419 | D:4      | Reached XP level 5. HP: 5/48 MP: 5/5
  3695 | D:4      | Reached skill level 5 in Armour
  3924 | D:4      | Found a staircase to the Ecumenical Temple.
  3935 | Temple   | Entered the Ecumenical Temple
  4208 | Temple   | Became a worshipper of Hepliaklqana the Forgotten
  4546 | D:5      | Entered Level 5 of the Dungeon
  4573 | D:5      | Reached XP level 6. HP: 50/55 MP: 6/6
  4771 | D:5      | Found a shimmering altar of Xom.
  5094 | D:5      | Identified the +10 long sword "Natadiotuk" {venom, *Rage
                  | rPois rCorr Int+5}
  5415 | D:5      | Reached * piety under Hepliaklqana
  5420 | D:5      | Noticed Pikel
  5421 | D:5      | Found Desut's General Store.
  5428 | D:5      | Killed Pikel
  5429 | D:5      | Reached skill level 6 in Armour
  5429 | D:5      | Reached skill level 5 in Shields
  5429 | D:5      | Reached XP level 7. HP: 17/58 MP: 7/7
  5918 | D:5      | Noticed Eustachio
  5925 | D:5      | Killed Eustachio
  6362 | D:6      | Reached skill level 5 in Fighting
  6362 | D:6      | Reached XP level 8. HP: 58/65 MP: 5/8
  6424 | D:6      | Reached skill level 7 in Armour
  6491 | D:6      | Reached skill level 5 in Long Blades
  6689 | D:6      | Found Xestra's Assorted Antiques.
  7160 | D:6      | Found a basalt altar of Yredelemnul.
  7167 | D:6      | Found a burning altar of Makhleb.
  7172 | D:6      | Found a stormy altar of Qazlal.
  7172 | D:6      | Found an ancient bone altar of Kikubaaqudgha.
  7172 | D:6      | Identified the +5 dagger of Awkutad {vamp, +Blink Str+3}
  7179 | D:6      | Found an iron altar of Okawaru.
  7228 | D:6      | Found a glowing silver altar of Zin.
  7228 | D:6      | Noticed an angel
  7360 | D:7      | Noticed Duvessa
  7366 | D:7      | Noticed Dowan
  7380 | D:6      | HP: 3/67 [orc/+0 flail (6)]
  7718 | D:7      | Killed Duvessa
  7719 | D:7      | Reached XP level 9. HP: 33/72 MP: 9/9
  7722 | D:7      | Killed Dowan
  7723 | D:7      | Reached skill level 8 in Armour
  7725 | D:7      | HP: 2/108 [orc warrior/+0 battleaxe (6)]
  7729 | D:6      | Slain by an ice beast

Illustrated notes

Levels and vault maps discovered:
D:1:      ncdulo_halloftheorcs, layout_basic,
          hellmonk_ecumenical_altar_dog_temple, kennysheep_small_spiral
D:2:      layout_basic, nrook_mini_vaults
D:3:      layout_basic, dk_vineyard_1
D:4:      layout_cave_pods, minmay_temple_entry_purple_smoke, serial_forest,
          infiniplex_forest_corner_1, infiniplex_forest_clump_tiny,
          infiniplex_forest_lined_corner, infiniplex_forest_end_1,
          infiniplex_forest_straight_1, infiniplex_forest_fountain,
          infiniplex_forest_lined_room_, infiniplex_forest_lined_3
D:5:      layout_basic, mainiacjoe_overflow_alcove_2, serial_shops,
          nicolae_diamond_shop, uniq_pikel, uniq_eustachio
D:6:      layout_loops_cross, nicolae_overflow_hallway_of_the_gods, zin_angel,
          serial_shops, nicolae_diamond_shop, dk_noncrumbling_4
D:7:      layout_cave_pools, uniq_menkaure, uniq_duvessa
Temple:   minmay_temple_curvy_branch

Skill      XL: |  1  2  3  4  5  6  7  8  9 |
---------------+----------------------------+-----
Long Blades    | 2 3 4 5 |  5.6
Fighting       | 3 4 5 6 |  6.0
Armour         | 4 5 6 7 8 |  8.0
Shields        | 4 5 6 7 |  7.3

Action                     |  1- 3 |  4- 6 |  7- 9 || total
---------------------------+-------+-------+-------++-------
  Melee: Long sword        |   143 |   147 |    74 ||   364
         Tailslap          |    15 |    15 |    17 ||    47
 Invoke: Recall Ancestor   |       |       |     1 ||     1
         Ancestor Identity |       |       |     1 ||     1
    Use: Potion            |       |     3 |     3 ||     6
         Scroll            |       |       |    13 ||    13
 Armour: Scale mail        |   101 |    84 |    64 ||   249
  Dodge: Dodged            |    49 |    46 |    38 ||   133
  Block: Buckler           |    35 |    48 |    35 ||   118

Table legend: (Time is in decaauts)
 A = Elapsed time spent in this place.
 B = Non-inter-level travel time spent in this place.
 C = Inter-level travel time spent in this place.
 D = Time resting spent in this place.
 E = Time spent auto-exploring this place.
 F = Levels seen in this place.
 G = Mean time per level.
                   A        B        C        D        E       F      G
               +--------+--------+--------+--------+--------+-----+--------+
         Total |   7920 |   7687 |    233 |   1902 |   4830 |   8 |  990.0 |
       Dungeon |   7621 |   7437 |    184 |   1902 |   4584 |   7 | 1088.7 |
        Temple |    298 |    249 |     49 |      0 |    246 |   1 |  298.0 |
               +--------+--------+--------+--------+--------+-----+--------+

Top non-repeatable levels by time:
     D:5: 1849 daAuts
     D:1: 1512 daAuts
     D:6: 1408 daAuts
     D:2: 1151 daAuts
     D:4: 960 daAuts
     D:3: 695 daAuts
  Temple: 298 daAuts
     D:7: 44 daAuts
